 Dungeon Crawl Stone Soup version 0.27-a0-1308-gc08437e49b (webtiles) character file.

Game seed: 1519368628660772555

41 lmSkywalker the Stinger (level 3, 0/24 HPs)
             Began as a Demonspawn Venom Mage on June 18, 2021.
             Slain by a water moccasin skeleton (6 damage)
             ... on level 2 of the Dungeon.
             The game lasted 00:08:40 (2015 turns).

lmSkywalker the Stinger (Demonspawn Venom Mage)     Turns: 2015, Time: 00:08:41

Health: 0/24       AC:  5    Str:  8    XL:     3   Next: 32%
Magic:  2/6        EV: 12    Int: 17    God:
Gold:   69         SH:  0    Dex: 13    Spells: 3/6 levels left

rFire    . . .     SeeInvis .   i - +3 short sword
rCold    . . .     Faith    .   (no shield)
rNeg     . . .     Spirit   .   a - +0 robe
rPois    .         Reflect  .   (no helmet)
rElec    .         Harm     .   (no cloak)
rCorr    .         Rampage  .   (no gloves)
Will     .....                  m - +0 pair of boots
Stlth    ++........             e - amulet of the acrobat
HPRegen  0.08/turn              (no ring)
MPRegen  0.10/turn              (no ring)

@: no status effects
A: claws 1, molten scales 1
a: no special abilities


You were on level 2 of the Dungeon.
You visited 1 branch of the dungeon, and saw 2 of its levels.

You collected 69 gold pieces.

Inventory:

Hand Weapons
 i - a +3 short sword (weapon)
Missiles
 b - 79 stones (quivered)
 k - 12 poisoned darts
Armour
 a - a +0 robe (worn)
 c - a +0 leather armour
 h - a +0 leather armour
 m - a +0 pair of boots (worn)
 o - a +0 helmet
Jewellery
 e - an amulet of the acrobat (around neck)
 n - a ring of see invisible
Scrolls
 f - a scroll of amnesia {unknown}
 g - a scroll of teleportation {unknown}
 j - a scroll of blinking {unknown}
Potions
 d - a potion of curing {unknown}
 l - a potion of attraction {unknown}
 p - a potion of degeneration {unknown}


   Skills:
 + Level 2.5 Dodging
 - Level 1.7 Stealth
 + Level 2.0 Spellcasting
 - Level 0.8 Transmutations
 + Level 0.6 Air Magic
 + Level 3.6 Poison Magic


You had 3 spell levels left.
You knew the following spells:

 Your Spells              Type           Power      Damage    Failure   Level
a - Sting                 Tmut/Pois      36%        1d4       8%          1
b - Poisonous Vapours     Pois/Air       18%        N/A       12%         2

Your spell library contained the following spells:

 Spells                   Type           Power      Damage    Failure   Level
 Ignite Poison            Fire/Tmut/Pois 6%         N/A       30%         3
 Mephitic Cloud           Conj/Pois/Air  6%         N/A       32%         3
 Olgreb's Toxic Radiance  Pois           14%        N/A       38%         4


Dungeon Overview and Level Annotations

Branches:
Dungeon (2/15)

Altars:


Innate Abilities, Weirdness & Mutations

You have sharp fingernails.
You are partially covered in molten scales. (AC +2)


Message History

You hit the water moccasin skeleton.
The water moccasin skeleton is lightly damaged.
The water moccasin skeleton bites you.
You hit the water moccasin skeleton.
The water moccasin skeleton is moderately damaged.
The water moccasin skeleton closely misses you.
The water moccasin skeleton bites you but does no damage.
You hit the water moccasin skeleton.
The water moccasin skeleton is heavily damaged.
The water moccasin skeleton barely misses you.
You hit the water moccasin skeleton.
The water moccasin skeleton is heavily damaged.
The water moccasin skeleton bites you.
You barely miss the water moccasin skeleton.
The water moccasin skeleton is heavily damaged.
The water moccasin skeleton barely misses you.
The water moccasin skeleton bites you.
Your magical contamination has completely faded away.
You barely miss the water moccasin skeleton.
The water moccasin skeleton is heavily damaged.
The water moccasin skeleton bites you.
* * * LOW HITPOINT WARNING * * *
Casting: Sting (safe; 8% risk of failure)
Confirm with . or Enter, or press ? or * to list all spells.
Aiming: Sting (safe; 8% risk of failure)
Press: ? - help, Shift-Dir - straight line, f/p - water moccasin skeleton
Aim: a water moccasin skeleton (heavily damaged, 77% to hit)
The sting hits the water moccasin skeleton.
The water moccasin skeleton partially resists.
The water moccasin skeleton is heavily damaged.
The water moccasin skeleton closely misses you.
Casting: Sting (safe; 8% risk of failure)
Confirm with . or Enter, or press ? or * to list all spells.
Aiming: Sting (safe; 8% risk of failure)
Press: ? - help, Shift-Dir - straight line, f/p - water moccasin skeleton
Aim: a water moccasin skeleton (heavily damaged, 77% to hit)
The sting hits the water moccasin skeleton.
The water moccasin skeleton is heavily damaged.
The water moccasin skeleton bites you.
You die...

# ...####.......g....# .#
#. #.........######..##.#
#.###.####)##.# #.....#
#.....####.##.# ##.....##
#.......).#.# ##.......##
########..#.####.........#
#.............>...#
#..######.........# ♣♣#
#...@Z............# ...###
#.########......#.#
.....##
#.##########...##.#
......# #.)......#
##.###.# #..# ########)#
#.# #.# #..# #.# #.# #.#
#.## #.# #.# #.# #.# #.#
#.# #.# ####.# ##.# ##.#
#.#


You could see a water moccasin skeleton.

Vanquished Creatures
  Robin (D:2)
  2 ball pythons
  3 endoplasms
  A giant cockroach (D:2)
  7 goblins
  6 hobgoblins
  2 kobolds (D:1)
  A bat (D:1)
  2 rats (D:1)
25 creatures vanquished.

Notes
Turn   | Place    | Note
-------+----------+-------------------------------------------
     0 | D:1      | lmSkywalker the Demonspawn Venom Mage began the quest for
                  | the Orb.
     0 | D:1      | Reached XP level 1. HP: 13/13 MP: 3/3
   588 | D:1      | Gained mutation: You have sharp fingernails. [demonic
                  | ancestry]
   588 | D:1      | Reached XP level 2. HP: 19/19 MP: 3/5
   756 | D:1      | Found a faded altar of an unknown god.
  1089 | D:2      | Learned a level 2 spell: Poisonous Vapours
  1892 | D:2      | Noticed Robin
  1912 | D:2      | Gained mutation: You are partially covered in molten
                  | scales. (AC +2) [demonic ancestry]
  1912 | D:2      | Reached XP level 3. HP: 18/24 MP: 2/6
  1922 | D:2      | Killed Robin
  2015 | D:2      | Slain by a water moccasin skeleton

Illustrated notes

Levels and vault maps discovered:
D:1:      dpeg_arrival_boxes_within_box, layout_loops_ring,
          basic_ecumenical_altar
D:2:      layout_loops_ring, uniq_robin, uniq_crazy_yiuf_cottage

Skill      XL: |  1 |
---------------+----+-----
Dodging        | 2 |  2.5
Stealth        | |  1.7
Spellcasting   | |  2.0
Transmutations | |  0.8
Air Magic      | |  0.6
Poison Magic   | |  3.6

Action                   || total
-------------------------++-------
Melee: Unarmed           ||    15
       Short sword       ||    27
       Flail             ||     4
 Cast: Sting             ||    24
       Poisonous Vapours ||     8
Armor: Robe              ||     7
Dodge: Dodged            ||    48

Table legend: (Time is in decaauts)
 A = Elapsed time spent in this place.
 B = Non-inter-level travel time spent in this place.
 C = Inter-level travel time spent in this place.
 D = Time resting spent in this place.
 E = Time spent auto-exploring this place.
 F = Levels seen in this place.
 G = Mean time per level.
                   A        B        C        D        E       F      G
               +--------+--------+--------+--------+--------+-----+--------+
         Total |   2019 |   1942 |     77 |    358 |    770 |   2 | 1009.5 |
       Dungeon |   2019 |   1942 |     77 |    358 |    770 |   2 | 1009.5 |
               +--------+--------+--------+--------+--------+-----+--------+

Top non-repeatable levels by time:
     D:1: 1092 daAuts
     D:2: 926 daAuts
